 Dungeon Crawl Stone Soup version 0.30.0-15-g856e2d3f33 (webtiles) character file.

Game seed: 14411114145317838573

13633 Daunt the Spear-Bearer (level 11, 79/79 HPs)
             Began as a Demonspawn Summoner on May 18, 2023.
             Was an Elder of Kikubaaqudgha.
             Quit the game on level 10 of the Dungeon on May 19, 2023.
             The game lasted 01:24:51 (11544 turns).

Daunt the Spear-Bearer (Demonspawn Summoner)       Turns: 11544, Time: 01:24:52

Health: 79/79      AC: 13    Str:  8    XL:     11   Next: 78%
Magic:  27/27      EV: 18    Int: 27    God:    Kikubaaqudgha [****..]
Gold:   430        SH:  0    Dex: 15    Spells: 2/20 levels left

rFire   . . .        H - +0 halberd
rCold   . . .        (shield currently unavailable)
rNeg    . . .        V - +0 steam dragon scales
rPois   .            G - +2 hat
rElec   .            u - +1 cloak
rCorr   .            e - +1 pair of gloves of Seimyr {Int+7}
SInv    .            c - +0 pair of boots
Will    .....        r - amulet of regeneration
Stlth   ++           l - +5 ring of evasion
HPRegen 1.13/turn    B - ring of magical power
MPRegen 0.40/turn

%: no passive effects
@: no status effects
A: claws 1, hooves 2, demonic guardian 1, magic regeneration
a: Renounce Religion, Unearth Wretches


You were on level 10 of the Dungeon.
You worshipped Kikubaaqudgha.
Kikubaaqudgha was greatly pleased with you.
You visited 2 branches of the dungeon, and saw 11 of its levels.

You collected 1059 gold pieces.
You spent 629 gold pieces at shops.

Inventory:

Hand Weapons
 f - a +0 trident
 H - a +0 halberd (weapon)
 I - the +5 mace of Ymed {freeze, Str+5 Int+2 Stlth+}
   (You found it on level 4 of the Dungeon)

   Str:       It affects your strength (+5).
   Int:       It affects your intelligence (+2).
   Stlth:     It makes you more stealthy.
Missiles
 a - 4 curare-tipped darts
 j - 3 datura-tipped darts
 k - 121 stones
 o - 28 poisoned darts
 J - 2 throwing nets
 O - 3 boomerangs
 S - 8 javelins
Armour
 c - a +0 pair of boots (worn)
 e - the +1 pair of gloves of Seimyr (worn) {Int+7}
   (You acquired it on level 4 of the Dungeon)

   Int:       It affects your intelligence (+7).
 u - a +1 cloak (worn)
 A - the +5 plate armour of the Game of Life {Fly rN+ Slay-2}
   (You found it on level 3 of the Dungeon)

   Slay:      It affects your accuracy & damage with ranged weapons and melee
   (-2).
   rN:        It protects you from negative energy.
   Fly:       It grants you flight.
 G - a +2 hat (worn)
 Q - the +0 robe of Gallantry {rC++ Str-2}
   (You bought it in a shop on level 3 of the Dungeon)

   Str:       It affects your strength (-2).
   rC:        It greatly protects you from cold.
 V - +0 steam dragon scales (worn)
Jewellery
 l - a +5 ring of evasion (left hand)
 r - an amulet of regeneration (around neck)
 B - a ring of magical power (right hand)
Wands
 y - a wand of polymorph (4)
 z - a wand of iceblast (3)
 C - a wand of mindburst (9)
 D - a wand of flame (49)
Scrolls
 d - 2 scrolls of enchant armour
 i - 2 scrolls of identify
 m - 3 scrolls of magic mapping
 q - 3 scrolls of blinking
 s - a scroll of butterflies
 E - 3 scrolls of immolation
 K - 4 scrolls of enchant weapon
 M - a scroll of silence
 N - a scroll of torment
 P - 3 scrolls of teleportation
 U - 3 scrolls of poison
 W - a scroll of fear
Potions
 b - a potion of magic
 g - 3 potions of brilliance
 h - 3 potions of mutation
 n - a potion of flight
 p - 4 potions of curing
 t - 4 potions of lignification
 v - 7 potions of cancellation
 x - a potion of berserk rage
 F - 3 potions of heal wounds
 L - 2 potions of attraction
 R - a potion of invisibility


   Skills:
 + Level 5.1 Fighting
 - Level 12.0 Polearms
 + Level 3.6 Armour
 + Level 4.2 Dodging
 - Level 3.0 Stealth
 - Level 5.0 Spellcasting
 - Level 4.0 Hexes
 - Level 5.0 Summonings
 - Level 7.0 Necromancy
 - Level 3.0 Translocations
 + Level 3.6 Earth Magic


You had 2 spell levels left.
You knew the following spells:

 Your Spells              Type           Power      Damage    Failure   Level
a - Summon Small Mammal   Summ           100%       N/A       1%          1
b - Blink                 Tloc           44%        N/A       3%          2
c - Call Canine Familiar  Summ           33%        N/A       2%          3
d - Animate Dead          Necr           44%        N/A       4%          4
g - Summon Guardian Gole  Hex/Summ       31%        N/A       3%          3
i - Call Imp              Summ           66%        N/A       1%          2
v - Vampiric Draining     Necr           44%        2d9       1%          3

Your spell library contained the following spells:

 Spells                   Type           Power      Damage    Failure   Level
 Apportation              Tloc           44%        N/A       1%          1
 Necrotise                Necr           100%       1d9       1%          1
 Sublimation of Blood     Necr           44%        N/A       1%          2
 Lesser Beckoning         Tloc           44%        N/A       3%          2
 Cigotuvi's Dreadful Rot  Necr/Pois/Air  38%        N/A       4%          2
 Momentum Strike          Conj/Tloc      28%        3d8       6%          2
 Magic Dart               Conj           24%        1d4       7%          1
 Poisonous Vapours        Pois/Air       12%        N/A       11%         2
 Dispel Undead            Necr           44%        3d17      4%          4
 Agony                    Necr           44%        N/A       11%         5
 Hailstorm                Conj/Ice       6%         3d4       22%         3
 Mephitic Cloud           Conj/Pois/Air  6%         N/A       22%         3
 Borgnjor's Vile Clutch   Necr/Erth      17%        N/A       22%         5
 Summon Lightning Spire   Summ/Air       20%        N/A       26%         4
 Petrify                  Tmut/Erth      16%        N/A       34%         4
 Ice Form                 Ice/Tmut       6%         N/A       56%         4
 Freezing Cloud           Conj/Ice/Air   3%         6-21      89%         5
 Irradiate                Conj/Tmut      3%         3d12      89%         5
 Simulacrum               Ice/Necr       12%        N/A       95%         6
 Orb of Destruction       Conj           3%         9d5       100%        7
 Spellforged Servitor     Conj/Summ      10%        N/A       100%        7


Dungeon Overview and Level Annotations

Branches:
Dungeon (10/15)            Temple (1/1) D:4            Lair (0/5) D:10
    Orc (0/2) D:10

Altars:
Ashenzari
Cheibriados
Dithmenos
Fedhas
Gozag
Hepliaklqana
Kikubaaqudgha
Makhleb
Nemelex Xobeh
Okawaru
Qazlal
Ru
Sif Muna
Trog
Uskayaw
Vehumet
Wu Jian
Xom
Yredelemnul

Shops:
D:1 [   D:3 !(([   D:5 !

Annotations:
D:6 return


Innate Abilities, Weirdness & Mutations

You have sharp fingernails.
You have hoof-like feet.
A weak demonic guardian rushes to your aid.
You regenerate magic rapidly.


Message History

Unknown command.
Your guardian golem is engulfed in blazing flames.
Unknown command.
You start resting.
Magic restored.
You swap places.
You see here a potion of degeneration.
There is an open door, spattered with blood here.
Things that are here:
a +0 troll leather armour; a troll skeleton
There is an open door here.
HP restored.
You now have enough gold to buy a glowing troll leather armour on D:3.
You can access your shopping list by pressing '$'.
You now have 408 gold pieces (gained 19).
k - 121 stones (gained 7)
Your guardian golem disappears in a puff of smoke!
There is an open door here.
There is an open door here.
Things that are here:
a +0 giant club; a +0 giant club You now have 423 gold pieces (gained 15).
There is an open door here.
Things that are here:
a +0 giant club; a +0 giant club
There is an open door, spattered with blood here.
Things that are here:
a +0 troll leather armour; a troll skeleton
There is an open door, spattered with blood here.
Things that are here:
a scroll of noise; a +0 short sword; a +0 robe
o - 28 poisoned darts (gained 7)
You now have 430 gold pieces (gained 7).
Things that are here:
a +0 dagger; a kobold corpse Unknown command.
Done exploring.
Are you sure you want to abandon this character and quit the game? (Confirm with "yes".)
Okay, then.
Are you sure you want to abandon this character and quit the game? (Confirm with "yes".)

.................#
...))............#
......)..........#
......)))........#
...)...))........#
...)).)).........#
...[)))<.........#
......)..........#
.###############@# .#
#.# .###############.#
.................####
....................##
################.##..##
# ##.......# #
#..###...# # #.##[##?.#


There were no monsters in sight!

Vanquished Creatures
  3 yaks
  A steam dragon (D:8)
  2 orc warriors
  An ice beast (D:7)
  2 sky beasts
  5 centaurs
  3 phantoms (D:5)
  A kobold brigand (D:9)
  A bullfrog (D:9)
  A gnoll sergeant (D:9)
  2 wights (D:7)
  A nameless horror (D:5)
  2 howler monkeys (D:8)
  A hound (D:6)
  9 orc priests
  3 jellies
  A sleepcap (D:4)
  4 iguanas
  3 orc wizards
  4 gnolls
  6 adders
  A shadow imp (D:7)
  A worm (D:3)
  2 dart slugs
  29 orcs
  6 bats
  2 endoplasms
  3 giant cockroaches
  9 goblins
  2 hobgoblins (D:4)
  5 kobolds
  3 quokkas
  7 ball pythons
  4 frilled lizards
  4 rats
134 creatures vanquished.

Vanquished Creatures (collateral kills)
  A komodo dragon (D:10)
  3 trolls (D:10)
  A hornet (D:10)
  A shadow (D:10)
  3 yaks
  2 steam dragons
  An orc warrior (D:10)
  A sky beast (D:6)
  A centaur (D:9)
  A kobold brigand (D:10)
  2 scorpions
  2 wights (D:7)
  4 killer bees (D:8)
  A hound (D:3)
  2 gnoll boudas
  An orc priest (D:7)
  Ijyb (D:3)
  Jessica (D:2)
  3 orc wizards
  5 gnolls
  3 adders
  A white imp (D:7)
  A worm (D:3)
  2 dart slugs
  24 orcs
  A ball python (D:1)
  3 bats
  4 goblins
  A hobgoblin (D:4)
  A frilled lizard (D:1)
  3 kobolds
81 creatures vanquished.

Vanquished Creatures (others)
  2 two-headed ogres
  3 death yaks (D:10)
  An unseen horror (D:10)
  A kobold demonologist (D:6)
  An unseen horror zombie (D:10)
  3 trolls
  3 shadows (D:10)
  A vampire (D:10)
  Eustachio (D:4)
  6 yaks
  2 wraiths (D:10)
  A basilisk (D:6)
  Menkaure (D:4)
  3 acid dragons
  A two-headed ogre zombie (D:10)
  2 black bears
  3 orc warriors
  A centaur (D:10)
  2 ogres (D:7)
  A kobold brigand (D:10)
  A komodo dragon zombie (D:10)
  A scorpion (D:6)
  A troll zombie (D:10)
  3 yak zombies (D:10)
  5 killer bees (D:7)
  3 howler monkeys (D:7)
  A centaur zombie (D:10)
  A gnoll bouda (D:5)
  2 orc priests
  A hound (D:5)
  5 orc wizards
  4 gnolls
  A river rat (D:10)
  A white imp (D:6)
  4 orcs
  A quokka (D:10)
  18 orc zombies (D:10)
  A rat (D:10)
93 creatures vanquished.

Grand Total: 308 creatures vanquished

Notes
Turn   | Place    | Note
-------+----------+-------------------------------------------
     0 | D:1      | Daunt the Demonspawn Summoner began the quest for the Orb.
     0 | D:1      | Reached XP level 1. HP: 13/13 MP: 3/3
   197 | D:1      | Reached skill level 1 in Fighting
   249 | D:1      | Discovered your monstrous ancestry.
   249 | D:1      | Gained mutation: You have large cloven feet. [demonic
                  | ancestry]
   249 | D:1      | Reached XP level 2. HP: 21/21 MP: 3/5
   251 | D:1      | Found Ledeuzeo's Armour Shoppe.
   254 | D:1      | Found a faded altar of an unknown god.
   482 | D:1      | Learned a level 2 spell: Call Imp
  1087 | D:2      | Gained mutation: A weak demonic guardian rushes to your
                  | aid. [demonic ancestry]
  1087 | D:2      | Reached XP level 3. HP: 25/27 MP: 4/6
  1535 | D:2      | Noticed Jessica
  1560 | D:2      | Learned a level 3 spell: Call Canine Familiar
  1589 | D:2      | Killed Jessica
  1590 | D:2      | Gained mutation: You regenerate magic rapidly. [demonic
                  | ancestry]
  1590 | D:2      | Reached XP level 4. HP: 33/33 MP: 2/7
  1859 | D:3      | Found Zuovuifa's Antique Weapon Shoppe.
  1878 | D:3      | Identified the +5 plate armour of the Game of Life {Fly rN+
                  | Slay-2}
  1891 | D:3      | Found Neloto's Weapon Emporium.
  2173 | D:3      | Found Ofezegakh's Antique Armour Boutique.
  2205 | D:3      | Gained mutation: You have sharp fingernails. [demonic
                  | ancestry]
  2205 | D:3      | Reached XP level 5. HP: 38/38 MP: 8/8
  2274 | D:3      | Noticed Ijyb
  2293 | D:3      | Reached skill level 5 in Summonings
  2294 | D:3      | Killed Ijyb
  2409 | D:3      | Found Enyd's Distillery.
  2414 | D:3      | Bought a potion of heal wounds for 60 gold pieces
  2414 | D:3      | Bought a potion of curing for 36 gold pieces
  2534 | D:4      | Learned a level 3 spell: Summon Guardian Golem
  2553 | D:4      | Noticed Menkaure
  2562 | D:4      | Killed Menkaure
  2563 | D:4      | Reached skill level 1 in Hexes
  2563 | D:4      | Reached XP level 6. HP: 35/46 MP: 12/12
  2719 | D:4      | Identified the +5 mace of Ymed {freeze, Str+5 Int+2 Stlth+}
  2785 | D:4      | Reached XP level 7. HP: 28/52 MP: 13/13
  2840 | D:4      | Noticed Eustachio
  2887 | D:4      | Killed Eustachio
  2888 | D:4      | Reached skill level 1 in Polearms
  2986 | D:4      | Identified a scroll of acquirement
  2989 | D:4      | Acquired the +1 pair of gloves of Seimyr {Int+7}
  3015 | D:4      | Found a staircase to the Ecumenical Temple.
  3026 | Temple   | Entered the Ecumenical Temple
  3116 | Temple   | Became a worshipper of Kikubaaqudgha
  3702 | D:4      | Learned a level 2 spell: Blink
  3731 | D:5      | Entered Level 5 of the Dungeon
  3731 | D:5      | Found Gepsudaj's Distillery.
  3916 | D:5      | Reached skill level 5 in Spellcasting
  3943 | D:5      | Reached skill level 1 in Translocations
  3956 | D:5      | Reached skill level 2 in Polearms
  4006 | D:5      | Reached skill level 3 in Polearms
  4006 | D:5      | Gained mutation: You have hoof-like feet. [demonic
                  | ancestry]
  4006 | D:5      | Reached XP level 8. HP: 58/58 MP: 15/15
  4212 | D:5      | Reached skill level 4 in Polearms
  4501 | D:5      | Found a burning altar of Makhleb.
  4506 | D:5      | Reached skill level 5 in Polearms
  4838 | D:6      | Reached * piety under Kikubaaqudgha
  4838 | D:6      | Received a gift from Kikubaaqudgha
  4839 | D:6      | Reached skill level 6 in Polearms
  5042 | D:6      | Reached skill level 1 in Necromancy
  5770 | D:7      | Reached XP level 9. HP: 63/63 MP: 16/16
  5818 | D:7      | Reached skill level 5 in Necromancy
  5956 | D:7      | Found a sparkling altar of Nemelex Xobeh.
  6180 | D:7      | Found an opulent altar of Gozag.
  6535 | D:6      | Reached ** piety under Kikubaaqudgha
  6551 | D:6      | Noticed a troll
  6561 | D:6      | Killed a troll
  6562 | D:6      | Reached skill level 7 in Polearms
  6580 | D:6      | Noticed a two-headed ogre
  6597 | D:6      | Killed a two-headed ogre
  6598 | D:6      | Reached skill level 8 in Polearms
  6602 | D:6      | Noticed a kobold demonologist
  6608 | D:6      | Reached XP level 10. HP: 70/70 MP: 8/17
  6614 | D:6      | Noticed a smoke demon
  6654 | D:6      | Reached skill level 9 in Polearms
  7055 | D:3      | Bought a potion of mutation for 96 gold pieces
  7055 | D:3      | Bought a potion of degeneration for 12 gold pieces
  7055 | D:3      | Bought a potion of brilliance for 48 gold pieces
  7055 | D:3      | Bought a potion of cancellation for 96 gold pieces
  7055 | D:3      | Bought a potion of lignification for 36 gold pieces
  7103 | D:3      | Bought a warped robe for 125 gold pieces
  7103 | D:3      | Identified the +0 robe of Gallantry {rC++ Str-2} (You
                  | bought it in a shop on level 3 of the Dungeon)
  7152 | D:5      | Bought a potion of invisibility for 120 gold pieces
  8122 | D:8      | Reached skill level 10 in Polearms
  8358 | D:8      | Reached skill level 11 in Polearms
  8363 | D:8      | Learned a level 4 spell: Animate Dead
  9436 | D:9      | Found a stormy altar of Qazlal.
  9449 | D:9      | Reached *** piety under Kikubaaqudgha
  9449 | D:9      | Received a gift from Kikubaaqudgha
  9617 | D:9      | Found Xiytefim's Distillery.
  9788 | D:9      | You fall into a shaft and drop 1 floor!
  9788 | D:10     | Entered Level 10 of the Dungeon
 10324 | D:10     | Reached XP level 11. HP: 37/75 MP: 10/18
 10427 | D:10     | Found a staircase to the Orcish Mines.
 10454 | D:10     | Reached skill level 12 in Polearms
 10496 | D:10     | Noticed a death yak
 10503 | D:10     | Learned a level 3 spell: Vampiric Draining
 10508 | D:10     | Found a staircase to the Lair.
 10508 | D:10     | Noticed a death yak
 10512 | D:10     | Noticed a death yak
 10516 | D:10     | Killed a death yak
 10521 | D:10     | Reached **** piety under Kikubaaqudgha
 10522 | D:10     | Reached skill level 1 in Armour
 10522 | D:10     | Reached skill level 1 in Earth Magic
 10526 | D:10     | Killed a death yak
 10527 | D:10     | Killed a death yak
 10723 | D:10     | Found a shimmering altar of Xom.
 10724 | D:10     | Found a shimmering altar of Xom.
 10724 | D:10     | Found a shimmering altar of Xom.
 10726 | D:10     | Found a shimmering altar of Xom.
 11108 | D:10     | Noticed a two-headed ogre
 11115 | D:10     | Killed a two-headed ogre
 11465 | D:10     | Reached skill level 5 in Fighting
 11544 | D:10     | Quit the game

Illustrated notes

Levels and vault maps discovered:
D:1:      psy_arrival_dodecagon, layout_loops_ring, serial_shops, shop,
          ebering_ecumenical_altar_rust, st_stairs_13, minmay_misc_feat_plants
D:2:      layout_basic, kennysheep_jessica_study
D:3:      layout_loops_ring, serial_shops, nicolae_diamond_shop, shop, shop,
          shop, uniq_ijyb
D:4:      layout_layer_cave, minmay_temple_entry_drinking_statues,
          uniq_menkaure, uniq_eustachio
D:5:      layout_basic, lightli_temple_of_fire, serial_shops,
          nicolae_stop_n_shop_1
D:6:      minmay_klotski, layout_loops_ring, serial_rivers,
          chequers_serial_rivers_small_a, chequers_serial_rivers_micro_e,
          chequers_serial_rivers_small_a, chequers_serial_rivers_room_b,
          chequers_serial_rivers_small_a, minmay_hedge_maze, kennysheep_nub,
          nicolae_fountain_basement
D:7:      layout_basic, old_standard_altar, kennysheep_little_box,
          nicolae_hexahallways
D:8:      layout_layer_cave
D:9:      layout_gridville, nicolae_qazlal_general_emergency, tso_oasis_becter,
          serial_shops, shop
D:10:     layout_long_grid, xom_shifter_show, dpeg_lair_monsters, david_orc_5,
          minmay_joined_circles
Temple:   lightli_temple_of_artemis

Skill      XL: |  1  2  3  4  5  6  7  8  9 10 11 |
---------------+----------------------------------+-----
Stealth        | 2 3 |  3.0
Fighting       | 1 2 3 5 |  5.1
Summonings     | 5 |  5.0
Spellcasting   | 4 5 |  5.0
Hexes          | 1 3 4 |  4.0
Polearms       | 3 6 8 11 12 | 12.0
Translocations | 1 3 |  3.0
Necromancy     | 4 7 |  7.0
Dodging        | 4 |  4.2
Armour         | 3 |  3.6
Earth Magic    | 3 |  3.6

Action                     |  1- 3 |  4- 6 |  7- 9 | 10-12 || total
---------------------------+-------+-------+-------+-------++-------
  Melee: Dagger            |    10 |       |       |       ||    10
         Unarmed           |     2 |       |       |       ||     2
         Club              |    14 |    60 |       |       ||    74
         Whip              |    55 |       |       |       ||    55
         Kick              |    15 |    24 |     6 |       ||    45
         Flail             |     3 |       |       |       ||     3
         Mace              |       |    13 |   105 |       ||   118
         Halberd           |       |       |    83 |   279 ||   362
   Cast: Summon Small Mamm |    22 |    14 |    10 |    42 ||    88
         Call Imp          |     2 |     7 |     3 |    18 ||    30
         Call Canine Famil |       |     5 |    12 |    36 ||    53
         Summon Guardian G |       |     3 |    30 |    41 ||    74
         Animate Dead      |       |       |       |     8 ||     8
         Blink             |       |       |       |     1 ||     1
    Use: Scroll            |       |       |     8 |    10 ||    18
         Potion            |       |       |     1 |       ||     1
   Stab: Sleeping          |     2 |     7 |    10 |     2 ||    21
         Distracted        |       |       |     1 |     6 ||     7
 Armour: Robe              |    19 |     9 |    40 |       ||    68
         Leather armour    |       |       |    41 |    41 ||    82
         Steam dragon scal |       |       |       |    43 ||    43
  Dodge: Dodged            |    74 |    72 |   174 |   189 ||   509
